 Dungeon Crawl Stone Soup version 0.27.0-1-g7a089689b8 (webtiles) character file.

Game seed: 10570376106020022262

2518 freelancePsychic the Skirmisher (level 9, -10/68 HPs)
             Began as a Djinni Wanderer on Aug 2, 2021.
             Was a Follower of Makhleb.
             Killed by divine providence
             ... invoked by an orc priest
              (12 damage)
             ... on level 10 of the Dungeon.
             The game lasted 00:29:14 (15691 turns).

freelancePsychic the Skirmisher (Djinni Wanderer)  Turns: 15691, Time: 00:29:15

Health: -10/68     AC: 10    Str: 13    XL:     9   Next: 83%
Gold:   202        EV: 10    Int: 18    God:    Makhleb [*.....] SH:  0 Dex: 12

rFire    + + +     SeeInvis .   x - +1 hunting sling
rCold    + + .     Faith    .   (no shield)
rNeg     . . .     Spirit   .   h - +1 leather armour of Tenacity {Fly rF+ rC++}
rPois    ∞         Reflect  +   r - +2 helmet
rElec    .         Harm     .   e - +2 cloak
rCorr    .         Rampage  .   (no gloves)
Will     .....                  (boots unavailable)
Stlth    +.........             v - amulet of reflection
HPRegen  0.21/turn              n - ring of protection from fire
MPRegen  0.00/turn              w - ring of ice

@: confused, brilliant, flying
A: sickness immunity, fire resistance 2, cold vulnerability 1, float, innate
caster, hp casting, extra vitality 1, clever 1, wild magic 1
a: Renounce Religion


You were on level 10 of the Dungeon.
You worshipped Makhleb.
Makhleb was aware of your devotion.
You visited 2 branches of the dungeon, and saw 11 of its levels.

You collected 468 gold pieces.
You spent 266 gold pieces at shops.

Inventory:

Hand Weapons
 a - a +0 club
 g - a +0 spear
 o - a +1 trident
 x - a +1 hunting sling (weapon)
Missiles
 j - 193 stones (quivered ammo)
 y - 19 sling bullets
Armour
 c - a +0 robe
 d - a +0 kite shield
 e - a +2 cloak (worn)
 h - the +1 leather armour of Tenacity (worn) {Fly rF+ rC++}
   (You bought it in a shop on level 9 of the Dungeon)

   rF:        It protects you from fire.
   rC:        It greatly protects you from cold.
   Fly:       It grants you flight.
 p - a scarf of invisibility
 r - a +2 helmet (worn)
Jewellery
 n - a ring of protection from fire (left hand)
 v - an amulet of reflection (around neck)
 w - a ring of ice (right hand)
Wands
 m - a wand of polymorph (12)
Scrolls
 b - a scroll of fog {unknown}
 t - 2 scrolls of identify {@r1}
 u - a scroll of vulnerability {unknown}
 B - a scroll of acquirement {unknown}
Potions
 f - a potion of mutation
 k - 3 potions of might
 l - a potion of haste {unknown}
 s - a potion of heal wounds {unknown}
 z - a potion of degeneration {unknown}
 A - a potion of lignification {unknown}


   Skills:
 - Level 7.2 Fighting
 - Level 5.8(5.9) Slings
 - Level 1.0 Crossbows
 - Level 1.0(3.7) Throwing
 - Level 1.0 Stealth
 - Level 1.0 Shields
 - Level 1.0 Unarmed Combat
 + Level 6.8 Spellcasting


You had 11 spell levels left.
You knew the following spells:

 Your Spells              Type           Power      Damage    Failure   Level
a - Magic Dart            Conj           100%       1d8       1%          1
b - Passwall              Tmut/Erth      46%        N/A       2%          2
c - Ignite Poison         Fire/Tmut/Pois 56%        N/A       4%          3
d - Summon Ice Beast      Ice/Summ       74%        N/A       13%         4
Your spell library was empty.

Dungeon Overview and Level Annotations

Branches:
Dungeon (10/15)            Temple (1/1) D:6            Lair (0/6) D:9
    Orc (0/2) D:9

Altars:
Ashenzari
Cheibriados
Dithmenos
Elyvilon
Fedhas
Gozag
Hepliaklqana
Makhleb
Nemelex Xobeh
Okawaru
Qazlal
Ru
Sif Muna
Trog
Uskayaw
Vehumet
Wu Jian
Xom
Zin
The Shining One
Beogh

Shops:
D:9 *

Annotations:
D:3 exclusion: downstairs, Purgy
D:5 1 runed translucent door, Crazy Yiuf
D:7 exclusion: upstairs
D:9 exclusions: hornet and obsidian statue


Innate Abilities, Weirdness & Mutations

You are immune to sickness and miasma.
You are immune to poison.
Your flesh is very heat resistant. (rF++)
You are vulnerable to cold. (rC-)
You float through the air rather than walking.
You learn spells naturally, not from books.
Your magical power is your life essence.
You have superior vitality. (+4 HP)
Your mind is acute. (Int +2)
Your spells are a little harder to cast, but a little more powerful.


Message History

The orc priest calls down the wrath of Beogh upon you.
Pain shoots through your body!
* * * LOW HITPOINT WARNING * * *
Fire: 195 stones
Press: ? - help, Q - select action, (/) - cycle Shift-Dir - straight line, f/p - orc priest
Aim: an orc priest, wielding a +0 hand axe and wearing a +0 leather armour (moderately wounded, ally target, 64% to hit)
You shoot a stone. The stone hits the orc priest.
The orc priest is severely wounded.
Your ice beast disappears in a puff of smoke!
The orc priest invokes the aid of Beogh against you.
Beogh smites you!
* * * LOW HITPOINT WARNING * * *
You hear a shout!
Your magical contamination has completely faded away.
Fire: 194 stones
Press: ? - help, Q - select action, (/) - cycle Shift-Dir - straight line, f/p - orc priest
Aim: an orc priest, wielding a +0 hand axe and wearing a +0 leather armour (severely wounded, 64% to hit)
Okay, then.
Fire: 194 stones
Press: ? - help, Q - select action, (/) - cycle Shift-Dir - straight line, f/p - orc priest
Aim: an orc priest, wielding a +0 hand axe and wearing a +0 leather armour (severely wounded, 64% to hit)
You shoot a stone.
The stone hits the orc priest but does no damage.
The orc priest is severely wounded.
An orc wizard comes into view. It is wielding a +0 dagger.
The orc priest looks braver for a moment.
Okay, then.
Aiming: Polymorph
Press: ? - help, Shift-Dir - straight line, f/p - orc priest
Aim: an orc priest, wielding a +0 hand axe and wearing a +0 leather armour (severely wounded, will become a quokka, a jackal, or a river rat, chance to affect: 46%)
The orc priest resists with some effort.
The orc wizard shouts!
The orc wizard casts a spell at you.
You are confused.
The orc priest looks braver for a moment.
It was a potion of brilliance.
You feel clever all of a sudden.
The orc priest mumbles some strange prayers to Beogh against you.
Beogh smites you!
You die...

.. .# ..# ####### ..#
# #.....###..#.#
#<...@<......#
.........##.o......##
..#####..##.#........
#..##o#........
......>........
##.o##.#........
#..##.#........
#.............#
##.#........


You could see an orc priest and an orc wizard.

Vanquished Creatures
  A sky beast (D:6)
  2 black bears
  An ogre (D:7)
  A centaur (D:8)
  2 kobold brigands
  3 bullfrogs
  3 scorpions
  10 wights
  2 centaur zombies
  A jelly (D:5)
  A hound (D:5)
  A gnoll shaman (D:4)
  A bullfrog skeleton (D:4)
  2 orc priests
  2 iguanas
  An orc wizard (D:5)
  A killer bee zombie (D:7)
  A hound skeleton (D:5)
  2 howler monkey zombies
  Robin (D:3)
  3 gnolls (D:5)
  4 adders
  A shadow imp (D:6)
  2 worms
  3 adder skeletons
  A dart slug (D:2)
  7 orcs
  3 bats
  7 endoplasms
  2 giant cockroaches (D:4)
  7 hobgoblins
  4 jackals
  18 kobolds
  2 quokkas
  4 ball pythons
  4 frilled lizards
  16 goblins
  A jackal skeleton (D:4)
  5 rats
133 creatures vanquished.

Vanquished Creatures (collateral kills)
  A komodo dragon (D:9)
  A troll (D:9)
  3 orc warriors
  A scorpion (D:9)
  6 wights
  An orc priest (D:9)
  2 nameless horrors
  2 orcs (D:9)
17 creatures vanquished.

Vanquished Creatures (others)
  A bush (D:6)
  19 fungi (D:9)
  60 plants
80 creatures vanquished.

Grand Total: 230 creatures vanquished

Notes
Turn   | Place    | Note
-------+----------+-------------------------------------------
     0 | D:1      | freelancePsychic the Djinni Wanderer began the quest for
                  | the Orb.
     0 | D:1      | Reached XP level 1. HP: 22/22 MP: 0/0
   245 | D:1      | Reached XP level 2. HP: 25/28 MP: 0/0
   411 | D:1      | Found a faded altar of an unknown god.
   876 | D:2      | Reached skill level 1 in Spellcasting
   876 | D:2      | Reached XP level 3. HP: 17/33 MP: 0/0
   876 | D:2      | Learned a level 1 spell: Magic Dart
  1858 | D:3      | Reached XP level 4. HP: 38/39 MP: 0/0
  1874 | D:3      | Noticed Robin
  3416 | D:3      | Killed Robin
  3862 | D:3      | Noticed Purgy
  3874 | D:4      | Noticed an ogre
  3974 | D:5      | Entered Level 5 of the Dungeon
  4113 | D:4      | Gained mutation: You evolve. [potion of mutation]
  4113 | D:4      | Gained mutation: You tend to lose your temper in combat.
                  | [potion of mutation]
  4113 | D:4      | Gained mutation: Your mind is acute. (Int +2) [potion of
                  | mutation]
  4122 | D:4      | Reached XP level 5. HP: 11/43 MP: 0/0
  4122 | D:4      | Learned a level 2 spell: Passwall
  5075 | D:4      | Reached XP level 6. HP: 40/49 MP: 0/0
  5467 | D:5      | Gained mutation: Your spells are a little harder to cast,
                  | but a little more powerful. [evolution]
  5561 | D:5      | Reached skill level 6 in Fighting
  5622 | D:5      | Found a runed translucent door.
  5623 | D:5      | Noticed Crazy Yiuf
  5935 | D:5      | Noticed a black bear
  6136 | D:6      | Found a bloodstained altar of Trog.
  6149 | D:6      | Found a staircase to the Ecumenical Temple.
  6158 | Temple   | Entered the Ecumenical Temple
  6228 | Temple   | Became a worshipper of Makhleb the Destroyer
  6491 | D:6      | Noticed a sky beast
  6553 | D:5      | Reached XP level 7. HP: 45/57 MP: 0/0
  6553 | D:5      | Learned a level 3 spell: Ignite Poison
  7452 | D:5      | Reached skill level 7 in Fighting
  8261 | D:6      | Lost mutation: You tend to lose your temper in combat.
                  | [evolution]
  8261 | D:6      | Lost mutation: You evolve. [end of evolution]
  8358 | D:6      | Reached skill level 1 in Slings
  8774 | D:6      | Noticed a gargoyle
  8841 | D:7      | Reached XP level 8. HP: 61/64 MP: 0/0
 11805 | D:7      | Reached skill level 5 in Slings
 12243 | D:8      | Reached XP level 9. HP: 42/68 MP: 0/0
 12243 | D:8      | Learned a level 4 spell: Summon Ice Beast
 13021 | D:8      | Found a glowing golden altar of the Shining One.
 13158 | D:8      | Noticed a nameless horror
 13178 | D:8      | Noticed a nameless horror
 13465 | D:9      | Found Fomu's Assorted Antiques.
 13470 | D:9      | Bought an ichor-stained leather armour for 266 gold pieces
 13470 | D:9      | Identified the +1 leather armour of Tenacity {Fly rF+ rC++}
                  | (You bought it in a shop on level 9 of the Dungeon)
 13492 | D:9      | Found a staircase to the Orcish Mines.
 13529 | D:9      | Noticed a hornet
 14040 | D:9      | Noticed an obsidian statue
 14290 | D:9      | Noticed a troll
 14301 | D:9      | Killed a troll
 14302 | D:9      | Reached skill level 5 in Spellcasting
 14547 | D:9      | Noticed a komodo dragon
 14574 | D:9      | Killed a komodo dragon
 14685 | D:9      | Reached * piety under Makhleb
 14852 | D:9      | Found a staircase to the Lair.
 15624 | D:9      | Noticed a nameless horror
 15647 | D:10     | Entered Level 10 of the Dungeon
 15688 | D:10     | HP: 2/68 [orc priest/divine providence (10)]
 15691 | D:10     | Killed from afar by an orc priest

Illustrated notes

Levels and vault maps discovered:
D:1:      amcnicky_arrival_abandoned_market, layout_loops_ring,
          ebering_ecumenical_altar_rust, minmay_tetromino_t2
D:2:      layout_loops_ring, basic_altar
D:3:      layout_basic, uniq_robin, uniq_purgy
D:4:      layout_cave_pools, kennysheep_potato
D:5:      layout_loops_corners, enter_ossuary_1, serial_bayou_lagoon_a,
          uniq_crazy_yiuf_cottage
D:6:      minmay_klotski, layout_basic, kennysheep_little_box,
          minmay_temple_entry_sparse_star
D:7:      layout_loops_ring
D:8:      layout_rooms, mainiacjoe_overflow_boulevard
D:9:      layout_roguey, grunt_lair_entry_orc_guard_hut,
          minmay_orc_entry_temple_small, serial_shops, shop_fountains,
          hangedman_abyss_or_decor_clamps, minivault_16
D:10:     layout_basic, gammafunk_temple_of_torment
Temple:   compressed_dpeg_circular_temple

Skill      XL: |  1  2  3  4  5  6  7  8  9 |
---------------+----------------------------+-----
Spellcasting   | 1 2 3 4 6 |  6.8
Fighting       | 6 7 |  7.2
Slings         | 2 5 |  5.8
Crossbows      | |  1.0
Throwing       | |  1.0
Stealth        | |  1.0
Shields        | |  1.0
Unarmed Combat | |  1.0

Action                   |  1- 3 |  4- 6 |  7- 9 || total
-------------------------+-------+-------+-------++-------
Melee: Spear             |    74 |   185 |       ||   259
       Punch             |     1 |     1 |       ||     2
       Trident           |       |    32 |    11 ||    43
 Fire: Hunting sling     |       |       |   545 ||   545
 Cast: Magic Dart        |    24 |   104 |    37 ||   165
       Passwall          |       |       |     7 ||     7
       Summon Ice Beast  |       |       |    38 ||    38
       Ignite Poison     |       |       |     1 ||     1
Evoke: Wand              |       |       |     5 ||     5
  Use: Scroll            |       |     7 |    10 ||    17
       Potion            |       |     3 |     6 ||     9
 Stab: Sleeping          |     6 |     3 |       ||     9
Armor: Robe              |    17 |    50 |    86 ||   153
       Leather armour    |       |       |    34 ||    34
Dodge: Dodged            |    31 |   134 |   230 ||   395
Block: Other             |       |       |    21 ||    21
       Reflection        |       |       |     1 ||     1
